 Dungeon Crawl Stone Soup version 0.24-a0-317-g5cb8de4b22 (webtiles) character file.

Game seed: 4568541228199358125

100044 HAL9000 the Covert (level 16, -5/80 HPs)
             Began as a Vine Stalker Assassin on May 15, 2019.
             Was the Champion of Dithmenos.
             Killed by divine providence
             ... invoked by a meliai
              (12 damage)
             ... on level 15 of the Dungeon on May 16, 2019.
             The game lasted 01:48:09 (28189 turns).

HAL9000 the Covert (Vine Stalker Assassin)         Turns: 28189, Time: 01:48:09

Health: -5/80      AC:  5    Str: 16    XL:     16   Next: 26%
Magic:  0/30       EV: 15    Int: 14    God:    Dithmenos [******]
Gold:   854        SH: 15    Dex: 18    Spells: 18/34 levels left

rFire    . . .     SeeInvis .   w - +5 demon blade (flame)
rCold    + + +     Gourm    .   H - +0 shield
rNeg     . . .     Faith    .   N - +1 ice dragon scales of Soedwets {+Fly rF- rC++ MR+}
rPois    +         Spirit   +   K - +1 hat
rElec    .         Reflect  +   Q - scarf {rC+ rF+}
rCorr    .         Harm     .   X - +0 pair of gloves
MR       +++..                  F - +0 pair of boots
Stlth    ++++++++..             P - +3 amulet of reflection
HPRegen  1.03/turn              z - +5 ring of evasion
MPRegen  0.22/turn              G - ring of poison resistance

@: lethally poisoned (-5 -> -6), about to teleport, corroded, wreathed by umbra
A: fangs 3, regeneration 2, magic shield, antimagic bite, no potion heal 3, rot
immunity
a: Shadow Step, Shadow Form, Renounce Religion, Evoke Flight


You were on level 15 of the Dungeon.
You worshipped Dithmenos.
Dithmenos was exalted by your worship.
You were not hungry.

You visited 4 branches of the dungeon, and saw 24 of its levels.

You collected 2999 gold pieces.
You spent 2145 gold pieces at shops.

Inventory:

Hand Weapons
 a - a +2 dagger of electrocution
 w - a +5 demon blade of flaming (weapon)
Missiles
 s - 20 javelins (quivered)
 v - 5 silver boomerangs
 x - 42 boomerangs
 U - 9 atropa-tipped darts
Armour
 D - a +2 cloak
 F - a +0 pair of boots (worn)
 H - a +0 shield (worn)
 K - a +1 hat (worn)
 N - the +1 ice dragon scales of Soedwets (worn) {+Fly rF- rC++ MR+}
   (You bought it in a shop on level 2 of the Orcish Mines)

   It makes you vulnerable to fire.
   It greatly protects you from cold.
   It affects your resistance to hostile enchantments.
   It lets you fly.
 Q - a scarf of resistance (worn)
 X - a +0 pair of gloves (worn)
Jewellery
 p - an uncursed ring of positive energy
 z - a +5 ring of evasion (left hand)
 G - a ring of poison resistance (right hand)
 P - a +3 amulet of reflection (around neck)
Wands
 k - a wand of flame (19)
 t - a wand of clouds (1)
 u - a wand of acid (7)
 B - a wand of iceblast (33)
 R - a wand of scattershot (5)
 T - a wand of polymorph (23)
Scrolls
 c - 5 scrolls of fear
 d - 4 scrolls of amnesia
 e - 2 scrolls of silence
 h - 3 scrolls of blinking
 o - 8 scrolls of remove curse
 r - 6 scrolls of teleportation
 y - 2 scrolls of enchant armour
 A - a scroll of holy word
 C - 3 scrolls of identify
 O - 2 scrolls of magic mapping
 W - 3 scrolls of fog
Potions
 b - a potion of agility
 g - a potion of resistance
 i - 5 potions of flight
 j - 2 potions of mutation
 l - 3 potions of ambrosia
 m - 7 potions of curing
 n - 5 potions of brilliance
 q - 4 potions of haste
 E - a potion of cancellation
 L - a potion of might
 M - 2 potions of lignification
 V - 2 potions of magic
Miscellaneous
 S - a phantom mirror
Comestibles
 f - 40 rations


   Skills:
 - Level 7.5 Fighting
 - Level 12.9 Short Blades
 - Level 3.5 Throwing
 - Level 8.0 Armour
 - Level 3.4 Dodging
 - Level 13.8 Stealth
 + Level 10.5 Shields
 + Level 9.6 Spellcasting
 - Level 6.9 Transmutations
 - Level 9.6 Earth Magic


You had 18 spell levels left.
You knew the following spells:

 Your Spells              Type           Power        Failure   Level  Hunger
a - Petrify               Tmut/Erth      ####....     24%         4    ###....
b - Lee's Rapid Deconstr  Erth           ####......   36%         5    #####..
c - Passwall              Tmut/Erth      ####....     3%          2    None
d - Silence               Hex/Air        #.........   100%        5    #####..

Your spell library contained the following spells:

 Spells                   Type           Power        Failure   Level  Hunger
 Sandblast                Erth           ####..       1%          1    None
 Stone Arrow              Conj/Erth      ###...       30%         3    #......
 Sting                    Conj/Pois      #...         58%         1    None
 Corpse Rot               Necr           N/A          75%         2    None
 Ensorcelled Hibernation  Hex/Ice        #.....       75%         2    None
 Poisonous Vapours        Pois/Air       #.....       75%         2    None
 Sublimation of Blood     Necr           #.........   75%         2    None
 Mephitic Cloud           Conj/Pois/Air  #.......     92%         3    #......
 Borgnjor's Vile Clutch   Necr/Erth      ###.......   96%         5    #####..
 Olgreb's Toxic Radiance  Pois           #.......     100%        4    ###....
 Agony                    Necr           #.......     100%        5    #####..
 Bolt of Draining         Conj/Necr      #.........   100%        5    #####..
 Dispel Undead            Necr           #.......     100%        5    #####..
 Excruciating Wounds      Chrm/Necr      #.........   100%        5    #####..
 Venom Bolt               Conj/Pois      #.........   100%        5    #####..
 Darkness                 Hex            #.........   100%        6    ######.
 Shadow Creatures         Summ           N/A          100%        6    ######.
 Haunt                    Necr/Summ      #.........   100%        7    #######
 Borgnjor's Revivificati  Necr           #.........   100%        8    #######
 Death's Door             Chrm/Necr      #.........   100%        8    #######
 Infestation              Necr           #.........   100%        8    #######
 Necromutation            Tmut/Necr      ###.......   100%        8    #######


Dungeon Overview and Level Annotations

Branches:
Dungeon (15/15)            Temple (1/1) D:5            Lair (6/6) D:10
 Shoals (0/4) Lair:2        Snake (0/4) Lair:3        Slime (0/5) Lair:6
    Orc (2/2) D:10            Elf (0/3) Orc:2        Vaults (0/5) D:13
 Depths: D:15

Altars:
Ashenzari
Cheibriados
Dithmenos
Elyvilon
Fedhas
Gozag
Hepliaklqana
Kikubaaqudgha
Makhleb
Nemelex Xobeh
Okawaru
Qazlal
Ru
Sif Muna
Trog
Uskayaw
Vehumet
Wu Jian
Xom
Yredelemnul
Zin
The Shining One
Beogh
Jiyva

Shops:
D:10 =   D:12 (   D:13 }   Orc:1 :!*   Orc:2 [(*:

Annotations:
D:9 3 runed translucent doors, P0WERM0DE's ghost, novice MiFi
Lair:4 3 runed translucent doors, Ijashusm's ghost, journeyman MiBe


Innate Abilities, Weirdness & Mutations

You have razor-sharp teeth.
You heal very quickly.
When hurt, damage is shared between your health and your magic reserves.
Your bite disrupts and absorbs the magic of your enemies.
Potions cannot restore your health.
You are immune to rotting.


Message History

You barely miss the killer bee. Your bite misses the killer bee.
The killer bee is lightly wounded.
Your shadow completely misses the killer bee.
You feel sick.
The killer bee stings the plant!
The killer bee stings the plant but does no damage.
The killer bee stings the plant!
The meliai hits the plant with a +0 hand axe.
The meliai stings the plant but does no damage.
You block the killer bee's attack. The killer bee stings you!
* * * LOW HITPOINT WARNING * * *
You are more poisoned.
The killer bee poisons you!
The killer bee stings the plant but does no damage. x2
You block the killer bee's attack.
The killer bee stings the plant but does no damage.
The killer bee misses you. The killer bee closely misses you.
The killer bee stings the plant but does no damage.
The meliai calls down the wrath of its god upon you.
Something smites you!
You die...

........P#
..P..P.)P#
.yP.yP..P#
.yP.yP..P#
..P..P..P#


.yP..PyyP# ..P.[PyyP# .yP.yPy@P# ..P..PyyP# ......y.P# ###++##### You could see
a queen bee, 3 meliai and 11 killer bees.

Vanquished Creatures
  Gastronok (Lair:3)
  A ghost moth (Lair:5)
  An orc warlord (Orc:2)
  A stone giant (D:14)
  Nessos (Lair:4)
  The ghost of motoroller71 the Nimble, a journeyman GnGl of the Shining One (D:14)
  An ettin (D:14)
  Josephine (Lair:4)
  A vault guard (D:13)
  7 hydras
  Fannar (Lair:3)
  A catoblepas (D:15)
  The ghost of Vergil the Nimble, a journeyman DsEE of Nemelex Xobeh (D:11)
  A death knight (D:15)
  5 two-headed ogres
  4 centaur warriors
  An ogre mage (D:15)
  An orc high priest (Orc:2)
  Urug (D:10)
  3 unseen horrors
  A phantasmal warrior (D:15)
  A wizard (D:15)
  3 orc sorcerers (Orc:2)
  2 wolf spiders (Lair:6)
  An orc knight (Orc:2)
  15 cyclopes
  An oklob plant (Lair:6)
  4 manticores
  A deep elf mage (D:13)
  3 centaur zombies
  11 ugly things
  7 elephants
  A torpor snail (Lair:6)
  12 black mambas
  A guardian serpent (Lair:6)
  A gargoyle (D:12)
  15 spiny frogs
  Psyche (D:11)
  2 rime drakes
  A freezing wraith (D:15)
  5 kobold demonologists
  7 komodo dragons
  5 trolls
  3 meliai (D:15)
  Grinder (D:5)
  14 blink frogs
  4 hornets
  20 hippogriffs
  10 dream sheep
  2 polar bears
  Sigmund (D:6)
  3 spriggans (Lair:1)
  A water elemental (D:14)
  2 redbacks (Lair:6)
  A fire elemental (D:14)
  24 yaks
  2 vampires (D:13)
  6 wraiths
  12 wyverns
  3 steam dragons
  3 basilisks
  4 hungry ghosts
  11 humans (D:13)
  10 wargs
  4 nagas (Lair:3)
  A soldier ant (D:9)
  3 acid dragons
  23 water moccasins
  Duvessa (D:5)
  7 porcupines
  35 orc warriors
  17 ice beasts
  2 eyes of draining
  2 black bears
  8 phantoms
  3 sky beasts
  14 ogres
  11 crocodiles
  3 wolves
  7 centaurs
  8 big kobolds
  15 bullfrogs
  2 wyvern zombies
  3 scorpions (D:6)
  2 wyvern skeletons
  Dowan (D:5)
  8 jellies
  13 killer bees
  4 electric eels
  4 wights (D:14)
  3 crimson imps
  6 howler monkeys
  A bullfrog zombie (D:13)
  2 quasits
  A gnoll shaman (D:7)
  9 hounds
  16 orc priests
  21 orc wizards
  3 centaur skeletons
  2 iguanas
  5 worker ants
  6 hell rats (Lair:4)
  A killer bee zombie (D:7)
  6 ogre zombies (D:10)
  A hound zombie (D:10)
  2 hound skeletons (D:4)
  3 gnolls
  16 adders
  A howler monkey skeleton (D:10)
  A worker ant zombie (D:5)
  5 river rats (Lair:4)
  A shadow imp (D:15)
  2 oozes (D:2)
  An adder skeleton (D:9)
  3 adder zombies
  4 worms
  2 dart slugs
  2 leopard geckos
  90 orcs
  3 ball pythons
  14 bats
  7 giant cockroaches
  3 goblins
  5 hobgoblins
  11 jackals
  33 kobolds
  7 quokkas
  4 frilled lizards
  A giant cockroach zombie (D:5)
  2 goblin skeletons (D:10)
  A goblin zombie (D:10)
  A hobgoblin skeleton (D:10)
  5 hobgoblin zombies (D:10)
  2 jackal skeletons
  A jackal zombie (D:5)
  3 orc skeletons (D:10)
  7 orc zombies (D:10)
  2 quokka skeletons
  9 rats
  A fire vortex (D:14)
  2 fungi
  3 plants
817 creatures vanquished.

Vanquished Creatures (others)
  A centaur warrior (D:14)
  2 cyclopes
  4 centaurs (D:14)
  51 fungi
  69 plants
127 creatures vanquished.

Grand Total: 944 creatures vanquished

Notes
Turn   | Place    | Note
-------+----------+-------------------------------------------
     0 | D:1      | HAL9000 the Vine Stalker Assassin began the quest for the
                  | Orb.
     0 | D:1      | Reached XP level 1. HP: 11/11 MP: 2/2
   143 | D:1      | Reached XP level 2. HP: 13/15 MP: 1/3
   467 | D:1      | Reached XP level 3. HP: 16/18 MP: 4/4
  1325 | D:2      | Gained mutation: Your natural rate of healing is unusually
                  | fast. [Vine Stalker growth]
  1325 | D:2      | Reached XP level 4. HP: 23/23 MP: 5/5
  1981 | D:3      | Found a blossoming altar of Fedhas.
  2005 | D:3      | Reached XP level 5. HP: 26/26 MP: 6/6
  2146 | D:3      | Found a deep blue altar of Sif Muna.
  2904 | D:4      | Noticed a phantom
  2928 | D:4      | Killed a phantom
  2928 | D:4      | Reached skill level 5 in Short Blades
  2928 | D:4      | Reached XP level 6. HP: 10/30 MP: 7/7
  3392 | D:4      | Found a blossoming altar of Fedhas.
  3611 | D:4      | Reached XP level 7. HP: 34/34 MP: 8/8
  3960 | D:5      | Entered Level 5 of the Dungeon
  4019 | D:5      | Found a staircase to the Ecumenical Temple.
  4026 | Temple   | Entered the Ecumenical Temple
  4370 | Temple   | Became a worshipper of Dithmenos the Shadowed
  4517 | D:5      | Noticed Duvessa
  4517 | D:5      | Noticed Dowan
  4524 | D:5      | Killed Dowan
  4596 | D:5      | Killed Duvessa
  5177 | D:5      | Gained mutation: You have razor-sharp teeth. [Vine Stalker
                  | growth]
  5177 | D:5      | Reached XP level 8. HP: 20/38 MP: 4/9
  5228 | D:5      | Noticed Grinder
  5236 | D:5      | Killed Grinder
  5383 | D:5      | Reached * piety under Dithmenos
  5808 | D:6      | Noticed Sigmund
  5817 | D:6      | Killed Sigmund
  6127 | D:6      | Reached skill level 10 in Short Blades
  6263 | D:6      | Reached XP level 9. HP: 26/42 MP: 6/10
  8111 | D:8      | Reached ** piety under Dithmenos
  8332 | D:8      | Found a shimmering altar of Xom.
  8332 | D:8      | Found a burning altar of Makhleb.
  8333 | D:8      | Found a sparkling altar of Nemelex Xobeh.
  8334 | D:8      | Found a stormy altar of Qazlal.
  8334 | D:8      | Found a white marble altar of Elyvilon.
  8335 | D:8      | Found an ancient bone altar of Kikubaaqudgha.
  8336 | D:8      | Found a snail-covered altar of Cheibriados.
  8451 | D:8      | Reached XP level 10. HP: 46/46 MP: 11/11
  8632 | D:8      | Found an opulent altar of Gozag.
  8839 | D:9      | Reached *** piety under Dithmenos
  8856 | D:9      | Reached skill level 5 in Stealth
  8882 | D:9      | Reached skill level 6 in Stealth
  8985 | D:9      | Reached skill level 7 in Stealth
  9166 | D:9      | Reached skill level 8 in Stealth
  9417 | D:9      | Found a runed translucent gate.
  9417 | D:9      | Found a runed translucent gate.
  9417 | D:9      | Found a runed translucent gate.
  9417 | D:9      | Noticed P0WERM0DE's ghost (novice MiFi)
  9594 | D:10     | Entered Level 10 of the Dungeon
  9863 | D:10     | Reached skill level 9 in Stealth
  9899 | D:10     | Learned a level 4 spell: Petrify
  9905 | D:10     | Learned a level 5 spell: Lee's Rapid Deconstruction
  9924 | D:10     | Noticed Urug
 10163 | D:9      | Reached skill level 10 in Stealth
 10164 | D:9      | Reached **** piety under Dithmenos
 10297 | D:10     | Found a staircase to the Lair.
 10413 | D:10     | Reached XP level 11. HP: 24/50 MP: 8/12
 10423 | D:10     | Reached skill level 11 in Stealth
 10491 | Lair:1   | Entered Level 1 of the Lair of Beasts
 10569 | Lair:1   | Noticed a six-headed hydra
 10854 | Lair:1   | Killed a six-headed hydra
 10857 | Lair:1   | Reached skill level 12 in Stealth
 11135 | Lair:1   | Reached skill level 1 in Spellcasting
 11135 | Lair:1   | Reached skill level 1 in Earth Magic
 11191 | Lair:1   | Noticed a five-headed hydra
 11198 | Lair:1   | Killed a five-headed hydra
 11856 | Lair:2   | Reached skill level 5 in Spellcasting
 11856 | Lair:2   | Reached skill level 5 in Earth Magic
 11948 | Lair:2   | Gained mutation: You heal very quickly. [Vine Stalker
                  | growth]
 11948 | Lair:2   | Reached XP level 12. HP: 31/54 MP: 11/21
 12080 | Lair:2   | Found a frozen archway.
 12201 | Lair:2   | Learned a level 2 spell: Passwall
 12496 | Lair:2   | Found a staircase to the Shoals.
 13028 | Lair:3   | Reached ***** piety under Dithmenos
 13538 | Lair:3   | Noticed Gastronok
 13570 | Lair:3   | Killed Gastronok
 13657 | Lair:3   | Found a staircase to the Snake Pit.
 13740 | Lair:3   | Noticed Fannar
 13746 | Lair:3   | Killed Fannar
 14143 | Lair:4   | Reached XP level 13. HP: 58/58 MP: 25/27
 14512 | Lair:4   | Noticed Josephine
 14574 | Lair:4   | Noticed Nessos
 14657 | Lair:4   | Killed Josephine
 14657 | Lair:4   | Reached skill level 1 in Armour
 14657 | Lair:4   | Reached skill level 1 in Transmutations
 14813 | Lair:4   | Killed Nessos
 14878 | Lair:4   | Found a runed translucent gate.
 14882 | Lair:4   | Found a runed translucent gate.
 14884 | Lair:4   | Found a runed translucent gate.
 14884 | Lair:4   | Noticed Ijashusm's ghost (journeyman MiBe)
 14886 | Lair:4   | Found a viscous altar of Jiyva.
 15678 | Lair:5   | Found a dark tunnel.
 15817 | Lair:5   | Killed a ghost moth
 16160 | Lair:6   | Entered Level 6 of the Lair of Beasts
 16449 | Lair:6   | Reached skill level 5 in Transmutations
 16539 | Lair:6   | HP: 3/87 [black mamba (10)]
 16591 | Lair:6   | Reached skill level 5 in Armour
 16735 | Lair:6   | Found a staircase to the Slime Pits.
 16930 | Lair:6   | Reached XP level 14. HP: 34/62 MP: 28/28
 17925 | Lair:6   | Found a white marble altar of Elyvilon.
 18202 | Lair:6   | Reached ****** piety under Dithmenos
 18245 | Lair:6   | Reached skill level 5 in Fighting
 19178 | D:10     | Found a staircase to the Orcish Mines.
 19607 | D:10     | Killed Urug
 19637 | D:10     | Found Peatapt's Jewellery Boutique.
 19794 | Orc:1    | Entered Level 1 of the Orcish Mines
 19794 | Orc:1    | Found Kaix's Book Boutique.
 19959 | Orc:2    | Entered Level 2 of the Orcish Mines
 20305 | Orc:2    | Found a roughly hewn altar of Beogh.
 20665 | Orc:2    | Found a roughly hewn altar of Beogh.
 20666 | Orc:2    | Found Jovvuox's General Store.
 21064 | Orc:2    | Noticed an orc warlord
 21451 | Orc:2    | Killed an orc warlord
 21451 | Orc:2    | Reached skill level 1 in Dodging
 21507 | Orc:2    | Found Danicof's Antique Weapon Shoppe.
 21507 | Orc:2    | Found a roughly hewn altar of Beogh.
 21545 | Orc:2    | Found Bomul's Antique Armour Emporium.
 21700 | Orc:2    | Found a roughly hewn altar of Beogh.
 21807 | Orc:2    | Found a staircase to the Elven Halls.
 21840 | Orc:2    | Found a roughly hewn altar of Beogh.
 21960 | Orc:2    | Found a roughly hewn altar of Beogh.
 21967 | Orc:2    | Found Idarimy's Book Boutique.
 22027 | Orc:1    | Found Megarhu's General Store.
 22321 | Orc:1    | Found Ubeps's Distillery.
 22608 | Orc:2    | Bought slimy ice dragon scales for 2145 gold pieces
 22618 | Orc:2    | Identified the +1 ice dragon scales of Soedwets {+Fly rF-
                  | rC++ MR+} (You bought it in a shop on level 2 of the Orcish
                  | Mines)
 22732 | Lair:1   | Upgraded the game from 0.24-a0-312-g16217b4a02 to
                  | 0.24-a0-317-g5cb8de4b22
 23171 | D:11     | Noticed Psyche
 23178 | D:11     | Killed Psyche
 23278 | D:11     | Noticed Vergil's ghost (journeyman DsEE)
 23280 | D:11     | Found a runed translucent gate.
 23280 | D:11     | Found a runed translucent gate.
 23280 | D:11     | Found a runed translucent gate.
 23316 | D:11     | Killed Vergil's ghost
 23484 | D:12     | Reached XP level 15. HP: 70/75 MP: 29/29
 23652 | D:12     | Reached skill level 13 in Stealth
 23897 | D:12     | Found Guafozy's Weapon Boutique.
 24628 | D:13     | Found a gate to the Vaults.
 24765 | D:13     | Reached skill level 1 in Shields
 25009 | D:13     | Found Zaziqe Piyts's Gadget Emporium.
 25113 | D:13     | Found a sparkling altar of Nemelex Xobeh.
 25953 | D:14     | Reached skill level 5 in Shields
 26214 | D:14     | Found a runed translucent gate.
 26215 | D:14     | Found a runed translucent gate.
 26216 | D:14     | Found a runed translucent gate.
 26218 | D:14     | Noticed motoroller71's ghost (journeyman GnGl)
 26263 | D:14     | Killed motoroller71's ghost
 26421 | D:14     | Got an ichor-stained broad axe
 26428 | D:14     | Identified the +6 broad axe "Amariry" {drain, Int+4} (You
                  | found it on level 14 of the Dungeon)
 27162 | D:14     | Found the +7 great mace "Firestarter" {inner flame, rF++}
 27448 | D:14     | Reached XP level 16. HP: 76/80 MP: 30/30
 27487 | D:14     | Learned a level 5 spell: Silence
 27686 | D:15     | Entered Level 15 of the Dungeon
 27928 | D:15     | Reached skill level 10 in Shields
 28189 | D:15     | Killed from afar by a meliai

Levels and vault maps discovered:
D:1:      lemuel_arrival_cross, layout_loops_corners
D:2:      layout_basic, minmay_tetromino_l4
D:3:      layout_basic, old_standard_altar, lemuel_doored_altar
D:4:      layout_basic, first_ration, minmay_misc_feat_hallway, fedhas_altar_2
D:5:      layout_gridville, minmay_temple_entry_sparse_star, uniq_grinder,
          uniq_duvessa
D:6:      layout_loops_ring, serial_aquarium, aquarium_bridge_square
          [aquarium_subvault_bridge, aquarium_subvault_balcony,
          aquarium_subvault_bridge, aquarium_subvault_wall], aquarium_window_2,
          aquarium_window_fake, aquarium_window_fake, aquarium_window_1,
          aquarium_view_2e, aquarium_view_4, uniq_sigmund
D:7:      layout_layer_cave
D:8:      layout_basic, old_standard_altar, grunt_temple_overflow_open
D:9:      layout_rooms, gammafunk_ghost_spectres, hangedman_pestilent_swarm
D:10:     layout_basic, minmay_lair_entry_grove, zombieorc1_lemuel,
          serial_shops, nicolae_shop_crystal, uniq_urug
D:11:     layout_roguey, ebering_ghost_rock_garden, uniq_psyche
D:12:     layout_basic, serial_shops, kennysheep_mini_moat, minmay_holes
D:13:     layout_basic, ximxim_vaults_locker_room, basic_altar, serial_shops,
          shop
D:14:     giant_chief_lemuel, layout_rooms, gammafunk_ghost_hydra_chop,
          glass_columns_a, nicolae_lava_and_water
D:15:     grunt_enter_depths_snipers, layout_loops_ring, serial_shops,
          bzr_entry_water, nicolae_looking_at_the_future
Temple:   hc_temple_tempest_star
Lair:1:   wad_woods_settlement, layout_loops_ring
Lair:2:   layout_gridlike, elwin_shoals_entry_rocks,
          portal_ice_cave_entry_ice_beasts, beast_lair_carwin_4
Lair:3:   layout_hall_layers, guppyfry_snake_entry_garden, minivault_11,
          uniq_fannar, uniq_gastronok
Lair:4:   layout_concentric_octagons, gammafunk_ghost_ooze,
          kennysheep_abandoned_house, uniq_nessos, uniq_josephine
Lair:5:   layout_hall_layers, nicolae_volcano_entry_lava_flow
Lair:6:   hangedman_lair_tendril_chambers, layout_gridlike,
          dpeg_slime_entry_corner, basic_altar, serial_bayou_shore_a
Orc:1:    layout_caves, serial_shops, nicolae_shop_stone, nicolae_shop_crystal,
          shop
Orc:2:    grunt_orc_community_town_hall, layout_caves,
          grunt_orc_community_big_house_1, grunt_orc_community_big_house_2,
          grunt_orc_community_house_3, grunt_orc_community_house_2,
          grunt_orc_community_house_1, grunt_orc_community_house_2,
          grunt_orc_community_house_1, grunt_orc_community_house_3,
          nicolae_orc_lava_tube

Skill      XL: |  1  2  3  4  5  6  7  8  9 10 11 12 13 14 15 16 |
---------------+-------------------------------------------------+-----
Short Blades   | 2 3 4 5 6 8 10 12 | 12.9
Stealth        | 10 12 13 | 13.8
Throwing       | 3 |  3.5
Spellcasting   | 5 9 |  9.6
Earth Magic    | 5 9 |  9.6
Armour         | 6 7 8 |  8.0
Transmutations | 6 |  6.9
Fighting       | 7 |  7.5
Dodging        | 3 |  3.4
Shields        | 8 10 | 10.5

Action                   |  1- 3 |  4- 6 |  7- 9 | 10-12 | 13-15 | 16-18 || total
-------------------------+-------+-------+-------+-------+-------+-------++-------
Melee: Dagger            |   105 |   180 |   340 |   716 |  2317 |    25 ||  3683
       Bite              |    27 |    42 |   103 |   217 |   793 |    48 ||  1230
       Demon blade       |       |       |       |       |       |    98 ||    98
Throw: Dart              |       |     3 |     7 |     9 |    15 |       ||    34
       Javelin           |       |       |     7 |    24 |    48 |       ||    79
       Boomerang         |       |       |     3 |    26 |    20 |       ||    49
       Throwing net      |       |       |       |       |     1 |       ||     1
 Cast: Lee's Rapid Decon |       |       |       |     2 |     2 |       ||     4
Invok: Shadow Step       |       |       |       |     1 |     1 |       ||     2
Evoke: Wand              |       |     1 |     1 |     3 |     4 |       ||     9
  Use: Scroll            |       |       |     8 |    10 |    20 |     4 ||    42
       Potion            |       |       |       |     1 |     9 |       ||    10
 Stab: Sleeping          |    17 |     8 |     1 |    19 |    60 |    11 ||   116
       Distracted        |       |     1 |     1 |     4 |    14 |     1 ||    21
       Invisible         |       |       |       |       |     2 |       ||     2
       Confused          |       |       |       |       |     1 |       ||     1
  Eat: Chunk             |     1 |     8 |    15 |    20 |    39 |     2 ||    85
       Ration            |       |       |       |       |     2 |       ||     2
Armor: Robe              |    29 |    20 |       |       |       |       ||    49
       Leather armour    |       |       |    61 |   115 |       |       ||   176
       Troll leather arm |       |       |       |    32 |   200 |       ||   232
       Skin              |       |       |       |       |    53 |       ||    53
       Ice dragon scales |       |       |       |       |   212 |    15 ||   227
Dodge: Dodged            |    59 |    80 |   100 |   275 |   908 |    34 ||  1456
Block: Other             |       |       |    11 |    29 |   121 |       ||   161
       Reflection        |       |       |       |       |    50 |     3 ||    53
       Shield            |       |       |       |       |   275 |    68 ||   343
       Rpst.: Demon blade |       |       |       |       |       |     9 ||     9

Table legend:
 A = Non-vault XP
 B = Vault XP
 C = Vault XP percentage of total XP
 D = Non-vault monster count
 E = Vault monster count
 F = Vault count percentage of total count
                 A         B        C        D         E       F
            +---------+---------+-------+---------+---------+-------
      Total |   89469 |   53452 |  37.4 |     571 |     247 |  30.2
            +---------+---------+-------+---------+---------+-------
        D:1 |      43 |       0 |   0.0 |      27 |       0 |   0.0
        D:2 |     104 |       5 |   4.6 |      30 |       4 |  11.8
        D:3 |      62 |       0 |   0.0 |      18 |       0 |   0.0
        D:4 |     451 |       0 |   0.0 |      21 |       0 |   0.0
        D:5 |     418 |     495 |  54.2 |      18 |       3 |  14.3
        D:6 |     922 |     231 |  20.0 |      18 |       1 |   5.3
        D:7 |     648 |       0 |   0.0 |      17 |       0 |   0.0
        D:8 |    1681 |       0 |   0.0 |      31 |       0 |   0.0
        D:9 |    1919 |     463 |  19.4 |      30 |       4 |  11.8
       D:10 |    1170 |    3481 |  74.8 |      17 |      41 |  70.7
       D:11 |    3160 |    1310 |  29.3 |      16 |       2 |  11.1
       D:12 |    5522 |       0 |   0.0 |      29 |       0 |   0.0
       D:13 |    9193 |    3336 |  26.6 |      43 |      13 |  23.2
       D:14 |   10179 |   14960 |  59.5 |      42 |      31 |  42.5
       D:15 |   13722 |       0 |   0.0 |      28 |       0 |   0.0
     Lair:1 |    4611 |    1612 |  25.9 |      16 |       6 |  27.3
     Lair:2 |    5707 |    1219 |  17.6 |      22 |      10 |  31.2
     Lair:3 |    2903 |    4250 |  59.4 |      13 |       7 |  35.0
     Lair:4 |    4410 |    4460 |  50.3 |      17 |      20 |  54.1
     Lair:5 |    3890 |     271 |   6.5 |      13 |       1 |   7.1
     Lair:6 |   15033 |    9509 |  38.7 |      50 |      34 |  40.5
      Orc:1 |     503 |     136 |  21.3 |       7 |       1 |  12.5
      Orc:2 |    3218 |    7714 |  70.6 |      48 |      69 |  59.0
            +---------+---------+-------+---------+---------+-------
